 Dungeon Crawl Stone Soup version 0.19.5 (webtiles) character file.

172 Gargoyl the Skirmisher (level 5, -3/48 HPs)
             Began as a Ghoul Abyssal Knight on May 12, 2017.
             Was a Follower of Lugonu.
             Slain by a gnoll (7 damage)
             ... on level 2 of the Dungeon.
             The game lasted 00:02:26 (835 turns).

Gargoyl the Skirmisher (Ghoul Abyssal Knight)        Turns: 835, Time: 00:02:27

Health: -3/48      AC:  3    Str: 16    XL:     5   Next: 53%
Magic:  6/6        EV: 11    Int:  7    God:    Lugonu [*.....]
Gold:   186        SH:  0    Dex:  9    Spells: 0 memorised, 4 levels left

rFire  . . .     SeeInvis .     a - +1 hand axe
rCold  + . .     Gourm    .     b - +0 leather armour
rNeg   + + +     Faith    .     (no shield)
rPois  ∞         Spirit   .     (no helmet)
rElec  .         Reflect  .     (no cloak)
rCorr  .         Harm     .     (no gloves)
MR     .....                    (no boots)
Stlth  +.........               (no amulet)
                                (no ring)
                                (no ring)

@: rotting
A: rotting body, claws 1, carnivore 3, cold resistance 1, negative energy
resistance 3, slow regeneration 1, torment resistance, unbreathing
a: Depart the Abyss, Renounce Religion


You were on level 2 of the Dungeon.
You worshipped Lugonu.
Lugonu was aware of your devotion.
You were not hungry.

You visited 1 branch of the dungeon, and saw 2 of its levels.
You visited the Abyss 1 time.

You collected 186 gold pieces.

Inventory:

Hand Weapons
 a - a +1 hand axe (weapon)
Armour
 b - a +0 leather armour (worn)
Wands
 f - a wand of disintegration (0/24)
Scrolls
 e - 4 scrolls of identify
Potions
 d - 3 potions of heal wounds {unknown}
 g - a potion of might {unknown}
 i - a potion of berserk rage {unknown}
Comestibles
 c - 3 meat rations
 h - 6 chunks of flesh


   Skills:
 + Level 5.3 Fighting
 + Level 2.5 Axes
 * Level 2.5 Armour
 + Level 0.8 Dodging
 * Level 2.8 Invocations


You had 4 spell levels left.
You didn't know any spells.

Dungeon Overview and Level Annotations

Branches:
Dungeon (2/15)

Altars:


Innate Abilities, Weirdness & Mutations

Your body is rotting away.
You thrive on raw meat.
You are immune to poison.
You have sharp fingernails.
You are carnivorous and can eat meat at any time.
Your flesh is cold resistant. (rC+)
You are immune to negative energy. (rN+++)
You regenerate slowly when monsters are visible.
You are immune to unholy pain and torment.
You can survive without breathing.


Message History

You hit the gnoll.
The gnoll is almost dead.
You hit the gnoll. You hit the hobgoblin. The gnoll closely misses you.
The gnoll barely misses you. The hobgoblin hits you.
The gnoll barely misses you.
Unknown command.
You closely miss the gnoll.
The gnoll is almost dead.
You closely miss the hobgoblin. You hit the gnoll. The gnoll hits you.
* * * LOW HITPOINT WARNING * * *
The hobgoblin hits you.
* * * LOW HITPOINT WARNING * * *
The gnoll barely misses you. The gnoll hits you!
* * * LOW HITPOINT WARNING * * *
You hit the gnoll but do no damage.
The gnoll is severely wounded.
You barely miss the hobgoblin. You barely miss the gnoll.
The hobgoblin hits you but does no damage.
The gnoll closely misses you. The gnoll hits you!
You die...

### ..# #.# #.#
####.####
#..)<...#
#...ggg.#
#....@..#
.......(.......
###.......#####
..........#
###.......#
#########


You could see 2 gnolls and a hobgoblin.

Vanquished Creatures
  A fire bat (Abyss:2)
  A gnoll (D:2)
  2 dart slugs (D:1)
  4 leopard geckos (D:1)
  A giant cockroach (D:1)
  4 goblins
  5 hobgoblins (D:1)
  A kobold (D:1)
  A ball python (D:1)
  4 bats (D:1)
  A frilled lizard (D:1)
  2 rats (D:1)
27 creatures vanquished.

Notes
Turn   | Place    | Note
-------+----------+-------------------------------------------
     0 | Abyss:1  | Gargoyl the Ghoul Abyssal Knight began the quest for the Orb.
     0 | Abyss:1  | Reached XP level 1. HP: 19/19 MP: 1/1
    13 | Abyss:2  | Found a corrupted altar of Lugonu.
   124 | Abyss:2  | Noticed an iron imp
   174 | Abyss:2  | Noticed a fire bat
   176 | Abyss:2  | Killed a fire bat
   176 | Abyss:2  | Reached skill level 5 in Fighting
   176 | Abyss:2  | Reached XP level 2. HP: 28/28 MP: 2/2
   176 | Abyss:2  | Reached XP level 3. HP: 35/35 MP: 3/3
   176 | Abyss:2  | Reached XP level 4. HP: 41/41 MP: 4/4
   176 | Abyss:2  | Reached XP level 5. HP: 47/47 MP: 5/5
   177 | Abyss:2  | Noticed a fire bat
   178 | Abyss:2  | Noticed a fire bat
   180 | D:1      | Escaped the Abyss
   315 | D:1      | Reached * piety under Lugonu
   835 | D:2      | Slain by a gnoll

Skill      XL: |  1 |
---------------+----+-----
Fighting       | 5 |  5.3
Axes           | 2 |  2.5
Armour         | 2 |  2.5
Dodging        | |  0.8
Invocations    | |  2.8

Action                   |  1- 3 |  4- 6 || total
-------------------------+-------+-------++-------
Melee: Hand axe          |       |    81 ||    81
Invok: Depart the Abyss  |       |     1 ||     1
Evoke: Wand              |     1 |     2 ||     3
  Use: Scroll            |     2 |     2 ||     4
  Eat: Chunk             |       |    10 ||    10
Armor: Leather armour    |       |    22 ||    22
Dodge: Dodged            |     1 |    77 ||    78
